 Dungeon Sprint DCSS version 0.31-b1-22-gc680215f68 (webtiles) character file.

Game seed: 9634457809777928682

900000 thiscave3701365 the Spry (level 11, -49/94 HPs)
             Began as a Djinni Warper on Jan 18, 2024.
             Was a Follower of Makhleb.
             Annihilated by a meat berserker
             ... wielding a +9 battleaxe
              (55 damage)
             ... in the Dungeon (Sprint VIII: "Arena of Blood").
             The game lasted 00:00:19 (9 turns).

thiscave3701365 the Spry (Djinni Warper)               Turns: 9, Time: 00:00:19

Health: -49/94     AC:  3    Str: 14    XL:     11   Next: 25%
Gold:   0          EV: 18    Int: 15    God:    Makhleb [*.....] SH:  0 Dex: 13

rFire   + + .        h - +∞ Axe of Woe
rCold   x . .        (shield currently unavailable)
rNeg    . . .        a - +0 leather armour
rPois   ∞            (no helmet)
rElec   .            (no cloak)
rCorr   .            (no gloves)
SInv    .            (boots unavailable)
Will    +....        (no amulet)
Stlth   +            (no ring)
HPRegen 0.35/turn    (no ring)
MPRegen 0.00/turn

%: no teleportation, infuse magic (-50 HP)
@: flying
A: sickness immunity, fire resistance 2, cold vulnerability 1, float, innate
caster, HP casting, extra vitality 1
a: Renounce Religion


You were in the Dungeon.
You worshipped Makhleb.
Makhleb was aware of your devotion.
You visited 1 branch

Inventory:

Hand Weapons
 h - the +∞ Axe of Woe (weapon)
   (You found it in the Dungeon)
Missiles
 c - 7 darts of dispersal (quivered)
Armour
 a - a +0 leather armour (worn)
Scrolls
 b - 2 scrolls of blinking
Potions
 d - a potion of curing
 e - a potion of heal wounds
 f - a potion of haste
 g - a potion of berserk rage


   Skills:
 + Level 14.5 Fighting
 + Level 3.8 Axes
 + Level 4.0 Throwing
 + Level 4.8 Armour
 + Level 15.7 Dodging
 + Level 14.5 Unarmed Combat
 + Level 2.9 Spellcasting
 + Level 2.9 Conjurations
 + Level 2.9 Hexes
 + Level 2.9 Summonings
 + Level 2.9 Necromancy
 + Level 2.9 Translocations
 + Level 2.9 Fire Magic
 + Level 2.9 Ice Magic
 + Level 2.9 Air Magic
 + Level 2.9 Earth Magic
 + Level 2.9 Alchemy


You knew the following spells:

 Your Spells              Type           Power      Damage    Failure   Level
a - Blink                 Tloc           22%        N/A       11%         2
b - Lesser Beckoning      Tloc           22%        N/A       11%         2
c - Teleport Other        Tloc           11%        N/A       22%         3
d - Manifold Assault      Tloc           11%        N/A       58%         4
e - Vhi's Electric Charg  Tloc/Air       22%        N/A       58%         4
f - Magic Dart            Conj           44%        1d5       8%          1
g - Mercury Vapours       Alch/Air       22%        N/A       11%         2
h - Vampiric Draining     Necr           11%        2d6       22%         3
i - Inner Flame           Hex/Fire       11%        N/A       22%         3
j - Iskenderun's Battles  Conj           11%        2d7       90%         5
Your spell library was empty.

Dungeon Overview and Level Annotations

Branches:
Dungeon (1/1)

Altars:
Makhleb


Innate Abilities, Weirdness & Mutations

You are immune to sickness and miasma.
You are immune to poison.
Your flesh is very heat resistant. (rF++)
You are vulnerable to cold. (rC-)
You float through the air rather than walking.
You learn spells naturally, not from books.
Your magical power is your life essence.
You have superior vitality. (+4 MHP)


Message History

You have reached level 4!
You feel agile.
You have reached level 5!
The power to cast Mercury Vapours wells up from within.
Spell assigned to 'g'.
You have reached level 6!
You have reached level 7!
The power to cast Vampiric Draining wells up from within.
Spell assigned to 'h'.
You have reached level 8!
You feel clever.
You have reached level 9!
Your experience leads to an increase in your attributes!
Increase (S)trength, (I)ntelligence, or (D)exterity?
You feel stronger. x2
The power to cast Inner Flame wells up from within.
Spell assigned to 'i'.
You have reached level 10!
You have reached level 11!
The power to cast Iskenderun's Battlesphere wells up from within.
Spell assigned to 'j'.
Unknown command.
Unknown command.
You are too injured to fight recklessly!
The bag of meat shouts! x4
You hit the bag of meat.
You butcher the bag of meat messily.
You kill the bag of meat!
Makhleb accepts your kill.
You can now gain health from killing.
You slash the bag of meat!
You fatally mangle the bag of meat.
You kill the bag of meat!
Makhleb accepts your kill.
The bag of meat appears out of thin air!
A bag of meat comes into view. It is wielding a +9 war axe.
The bag of meat shouts!
You hear a shout! x3
A bag of meat comes into view. It is wielding a +9 war axe.
A meat berserker comes into view. It is wielding a +9 battleaxe.
A bag of meat comes into view. It is wielding a +9 war axe. x3
The meat berserker hits you with a +9 battleaxe!!!
Ouch! That really hurt!
You die...

#.. ..# .###..
...###O..
......###........
....._.........
#.....# ....o .
#_.<._#......
....#....o#......
......._.).o....o
......###@O......
.###.....O.###...
#.......#
#.......#
.........o
......oo...
O..........
o.....o..o##


You could see 4 meat berserkers and 10 bags of meat.

Vanquished Creatures
  3 orcs (D)
3 creatures vanquished.

Notes
Turn   | Place    | Note
-------+----------+-------------------------------------------
     0 | D        | Found the +∞ Axe of Woe
     0 | D        | thiscave3701365 the Djinni Warper began the quest for the
                  | Orb.
     0 | D        | thiscave3701365 set off with the following spells
                  | memorised: Blink, Lesser Beckoning, Teleport Other,
                  | Manifold Assault, Vhi's Electric Charge.
     0 | D        | Reached XP level 1. HP: 18/18 MP: 0/0
     1 | D        | Noticed a bag of meat
     3 | D        | Became a worshipper of Makhleb the Destroyer
     3 | D        | Noticed a bag of meat
     4 | D        | Noticed a bag of meat
     5 | D        | Noticed a bag of meat
     6 | D        | Noticed a bag of meat
     6 | D        | Noticed a meat berserker
     7 | D        | Noticed a meat berserker
     8 | D        | Killed a bag of meat
     8 | D        | Noticed a bag of meat
     8 | D        | Noticed a bag of meat
     8 | D        | Noticed a bag of meat
     8 | D        | Noticed a bag of meat
     9 | D        | Reached skill level 15 in Dodging
     9 | D        | Reached XP level 2. HP: 2/42 MP: 0/0
     9 | D        | Reached XP level 3. HP: 2/48 MP: 0/0
     9 | D        | Learned a level 1 spell: Magic Dart
     9 | D        | Reached XP level 4. HP: 3/54 MP: 0/0
     9 | D        | Reached XP level 5. HP: 3/59 MP: 0/0
     9 | D        | Learned a level 2 spell: Mercury Vapours
     9 | D        | Reached XP level 6. HP: 4/66 MP: 0/0
     9 | D        | Reached XP level 7. HP: 4/71 MP: 0/0
     9 | D        | Learned a level 3 spell: Vampiric Draining
     9 | D        | Reached XP level 8. HP: 4/77 MP: 0/0
     9 | D        | Reached XP level 9. HP: 5/83 MP: 0/0
     9 | D        | Learned a level 3 spell: Inner Flame
     9 | D        | Reached XP level 10. HP: 5/89 MP: 0/0
     9 | D        | Reached XP level 11. HP: 5/94 MP: 0/0
     9 | D        | Learned a level 5 spell: Iskenderun's Battlesphere
     9 | D        | Killed a bag of meat
     9 | D        | Reached * piety under Makhleb
     9 | D        | Killed a bag of meat
     9 | D        | Noticed a bag of meat
     9 | D        | Noticed a bag of meat
     9 | D        | Noticed a meat berserker
     9 | D        | Noticed a bag of meat
     9 | D        | Noticed a bag of meat
     9 | D        | Noticed a bag of meat
     9 | D        | Annihilated by a meat berserker

Illustrated notes

Levels and vault maps discovered:
D:        meatsprint

Skill      XL: |  1 |
---------------+----+-----
Fighting       | 14 | 14.5
Axes           | 3 |  3.8
Throwing       | 4 |  4.0
Armour         | 4 |  4.8
Dodging        | 15 | 15.7
Unarmed Combat | 14 | 14.5
Spellcasting   | |  2.9
Conjurations   | |  2.9
Hexes          | |  2.9
Summonings     | |  2.9
Necromancy     | |  2.9
Translocations | |  2.9
Fire Magic     | |  2.9
Ice Magic      | |  2.9
Air Magic      | |  2.9
Earth Magic    | |  2.9
Alchemy        | |  2.9

Action                     |  1- 3 |  4- 6 |  7- 9 | 10-12 || total
---------------------------+-------+-------+-------+-------++-------
  Melee: Executioner's axe |     1 |       |       |     1 ||     2
 Armour: Leather armour    |     1 |       |       |     1 ||     2
